Map: [TLMC21] 10000 Feet

Players

Geralt (Gerald)

  • Race: Protoss Protoss
  • League: Grandmaster
  • Spawn Location: 5:00

Krystianer - Winner!

  • Race: Protoss Protoss
  • League: Grandmaster
  • Spawn Location: 11:00

VOD

Have the link to the VOD?

Description

Time

  • Played on: Oct. 12, 2025, 2:12 p.m.
  • Length: 9:27
Show
View Real Time Build Order
Export as new Build Order

Geralt Protoss 

Build Orders: Oracle Opening, Blink Stalkers 

Get SALT Encoding   

  12  0:00  Probe  
  13  0:12  Probe  
  14  0:17  Pylon  
  14  0:23  Probe  
  15  0:31  Probe  
  15  0:36  Gateway  
  15  0:40  Probe  
  16  0:46  Assimilator  
  17  0:51  Probe  
  17  0:55  Assimilator  
  18  0:59  Probe  
  19  1:07  Probe  
  19  1:08  Gateway  
  19  1:18  Probe  
  20  1:24  Cybernetics Core  
  21  1:31  Probe  
  22  1:35  Pylon  
  22  1:43  Probe  
  23  1:55  Probe  
  23  1:57  Stalker x2  
  28  2:02  Warp Gate  
  28  2:08  Probe  
  29  2:14  Pylon  
  29  2:20  Probe  
  30  2:26  Pylon  
  30  2:29  Stargate  
  30  2:34  Probe  
  31  2:53  Nexus  
  31  2:54  Probe  
  32  3:04  Oracle, Twilight Council  
  32  3:07  Probe  
  33  3:19  Probe  
  37  3:29  Pylon  
  37  3:31  Probe  
  37  3:33  Blink  
  38  3:43  Probe  
  39  3:53  Adept x2  
  43  3:55  Probe  
  44  4:05  Probe  
  44  4:08  Probe  
  47  4:17  Probe  
  47  4:20  Probe  
  47  4:23  Stalker x2  
  51  4:29  Probe  
  52  4:32  Probe  
  49  4:41  Probe  
  49  4:44  Probe  
  51  4:49  Stalker x2  
  51  4:52  Shield Battery  
  55  4:53  Probe  
  55  4:54  Gateway  
  55  4:56  Probe  
  55  4:59  Robotics Facility  
  57  5:04  Gateway  
  57  5:05  Probe  
  58  5:08  Pylon  
  58  5:13  Stalker  
  60  5:26  Probe, Nexus  
  61  5:29  Oracle  
  61  5:31  Probe  
  62  5:36  Pylon  
  62  5:38  Probe  
  62  5:40  Assimilator  
  63  5:43  Probe  
  63  5:44  Forge  
  63  5:47  Stalker  
  66  5:50  Probe, Stalker  
  66  5:56  Protoss Ground Weapons Level 1, Shield Battery  
  69  5:58  Probe  
  69  6:02  Probe  
  71  6:05  Adept x2  
  71  6:09  Pylon  
  71  6:10  Probe  
  76  6:15  Probe  
  77  6:19  Pylon  
  77  6:31  Stalker x3  
  81  6:38  Stalker  
  81  6:39  Shield Battery  
  81  6:40  Shield Battery  
  81  6:46  Immortal  
  77  6:54  Probe x3  
  79  7:00  Stalker x2  
  85  7:06  Probe x3  
  85  7:07  Stalker  
  90  7:10  Photon Cannon  
  90  7:12  Pylon  
  90  7:20  Stalker  
  90  7:21  Assimilator  
  92  7:26  Observer  
  92  7:27  Gateway x2  
  93  7:30  Stalker  
  93  7:35  Probe  
  96  7:37  Charge  
  96  7:39  Adept x2  
  96  7:41  Probe  
  101  7:50  Immortal  
  101  7:52  Stalker  
  103  8:08  Nexus  
  103  8:13  Stalker x2  
  103  8:17  Pylon  
  103  8:18  Zealot x2  
  103  8:19  Probe  
  112  8:21  Pylon  
  112  8:26  Probe  
  113  8:34  Stalker x2  
  111  8:42  Stalker x2  
  107  8:50  Zealot x2  
  107  9:00  Zealot x2  
  101  9:03  Probe  
  101  9:05  Zealot x2  
  101  9:07  Probe  
  101  9:09  Probe  
  93  9:11  Shield Battery, Zealot  
  93  9:12  Shield Battery  
  93  9:16  Zealot  
  73  9:24  Stalker x2  
Show
View Real Time Build Order
Export as new Build Order

Krystianer Protoss - Winner!

Build Orders: Blink Stalkers 

Get SALT Encoding   

  12  0:00  Probe  
  13  0:12  Probe  
  14  0:17  Pylon  
  14  0:22  Probe  
  15  0:31  Probe  
  16  0:36  Gateway  
  16  0:40  Probe  
  16  0:45  Assimilator  
  17  0:52  Probe  
  17  0:53  Assimilator  
  18  1:00  Probe  
  19  1:08  Gateway, Probe  
  20  1:18  Probe  
  20  1:23  Cybernetics Core  
  21  1:30  Probe  
  21  1:32  Pylon  
  22  1:42  Probe  
  23  1:54  Probe  
  23  1:59  Warp Gate, Sentry  
  28  2:04  Stalker  
  28  2:07  Probe  
  29  2:11  Pylon  
  29  2:19  Probe  
  32  2:37  Twilight Council  
  30  2:44  Nexus  
  30  2:47  Sentry  
  30  2:50  Probe  
  33  2:58  Pylon  
  33  3:03  Shield Battery  
  33  3:05  Probe  
  36  3:15  Probe  
  36  3:18  Blink  
  35  3:23  Probe  
  35  3:32  Probe  
  36  3:40  Probe  
  37  3:47  Stalker x2  
  37  3:48  Probe  
  42  3:53  Probe  
  43  3:58  Probe  
  43  4:01  Probe  
  45  4:10  Stalker x2  
  45  4:11  Probe x2  
  51  4:30  Probe  
  52  4:34  Probe  
  52  4:37  Nexus  
  50  4:41  Stalker x2  
  50  4:42  Probe  
  54  4:58  Phoenix  
  54  4:59  Pylon  
  54  5:01  Pylon  
  54  5:13  Probe  
  54  5:15  Pylon  
  54  5:16  Probe  
  56  5:21  Probe, Stalker x2  
  56  5:23  Forge  
  56  5:24  Probe  
  62  5:32  Probe  
  62  5:33  Probe  
  62  5:34  Phoenix  
  64  5:43  Robotics Facility  
  64  5:44  Probe  
  64  5:45  Probe  
  64  5:46  Probe, Stalker x2  
  71  5:54  Protoss Ground Weapons Level 1, Probe  
  71  5:56  Probe x2  
  72  6:03  Gateway  
  72  6:04  Probe  
  74  6:05  Gateway  
  74  6:08  Probe  
  74  6:09  Probe  
  74  6:10  Stalker  
  79  6:12  Stalker  
  79  6:16  Probe  
  82  6:20  Pylon  
  82  6:25  Shield Battery  
  82  6:41  Pylon  
  82  6:46  Nexus  
  80  6:48  Probe x2  
  80  6:50  Stalker x2  
  80  6:52  Probe  
  83  6:56  Charge  
  83  7:00  Probe x2  
  85  7:03  Gateway  
  85  7:04  Probe  
  85  7:05  Phoenix, Gateway  
  85  7:06  Gateway x2  
  86  7:12  Probe x2  
  86  7:15  Observer  
  89  7:16  Probe  
  89  7:20  Gateway  
  89  7:22  Gateway  
  90  7:24  Pylon, Probe x2  
  90  7:28  Probe  
  90  7:29  Pylon  
  93  7:30  Pylon  
  93  7:31  Pylon  
  93  7:32  Warp Prism  
  93  7:42  Probe  
  93  7:43  Stalker x2  
  100  7:45  Probe  
  100  7:47  Probe  
  102  7:54  Probe  
  103  7:59  Pylon, Stalker x3  
  103  8:02  Observer  
  103  8:03  Photon Cannon  
  103  8:04  Photon Cannon  
  108  8:07  Photon Cannon  
  109  8:24  Zealot x8  
  109  8:25  Zealot  
  109  8:26  Zealot  
  127  8:45  Zealot x9  
  133  8:54  Zealot  
  115  8:56  Probe  
  102  9:05  Zealot x9  
  102  9:23  Stalker  
  100  9:25  Zealot x9  
Tags
 
Add a new tag
Caveats
  • Supply blocks, unpowered buildings, or Contaminate may cause inaccurate times.
  • Supply counts are checked every 10 seconds.